 Dungeon Crawl Stone Soup version 0.24.0-13-gcf9b3192b9 (webtiles) character file.

Game seed: 2483424588129945662, levelgen mode: deterministic

5 FishyPogo the Caller (level 1, -1/7 HPs)
             Began as a Felid Summoner on Nov 8, 2019.
             Slain by an ooze (4 damage)
             ... on level 1 of the Dungeon.
             The game lasted 00:01:36 (167 turns).

FishyPogo the Caller (Felid Summoner)                Turns: 167, Time: 00:01:37

Health: -1/7       AC:  1    Str:  4    XL:     1   Next: 66%
Magic:  3/4        EV: 18    Int: 16    God:
Gold:   7          SH:  0    Dex: 16    Spells: 3/4 levels left
                                        Lives:  0   Deaths: 0

rFire    . . .     SeeInvis +   (weapon unavailable)
rCold    . . .     Gourm    .   (shield unavailable)
rNeg     . . .     Faith    .   (armour unavailable)
rPois    .         Spirit   .   (helmet unavailable)
rElec    .         Reflect  .   (cloak unavailable)
rCorr    .         Harm     .   (gloves unavailable)
MR       .....                  (boots unavailable)
Stlth    +++.......             (no amulet)
HPRegen  0.02/turn              (no ring)
MPRegen  0.09/turn              (no ring)

@: quick
A: very small, no armour, no weapons or thrown items, stealth, claws 1, fangs 3,
see invisible, carnivore, speed 1, shaggy fur 1, slow metabolism 1, sharp paws
a: no special abilities


You were on level 1 of the Dungeon.
You were full.

You visited 1 branch of the dungeon, and saw 1 of its levels.

You collected 7 gold pieces.

Inventory:

Missiles
 a - 31 stones
Scrolls
 c - a scroll of noise {unknown}
 d - a scroll of identify {unknown}
Comestibles
 b - 4 rations


   Skills:
 + Level 2.6 Dodging
 + Level 2.8 Stealth
 + Level 2.0 Spellcasting
 * Level 4.2 Summonings


You had 3 spell levels left.
You knew the following spells:

 Your Spells              Type           Power        Failure   Level  Hunger
a - Summon Small Mammal   Summ           ###.         3%          1    #......

Your spell library contained the following spells:

 Spells                   Type           Power        Failure   Level  Hunger
 Call Imp                 Summ           ###.....     5%          2    ###....
 Call Canine Familiar     Summ           ###.....     11%         3    ###....
 Summon Guardian Golem    Hex/Summ       #.......     26%         3    ###....
 Summon Ice Beast         Ice/Summ       #.......     65%         4    #####..
 Summon Lightning Spire   Summ/Air       #.......     65%         4    #####..


Dungeon Overview and Level Annotations

Branches:
Dungeon (1/15)

Altars:


Innate Abilities, Weirdness & Mutations

You cannot wear armour.
You are incapable of wielding weapons or throwing items.
Your paws allow you to move quietly. (Stealth)
You have sharp claws.
You have razor-sharp teeth.
You have supernaturally acute eyesight. (SInv)
You are carnivorous and can eat meat at any time.
You cover ground quickly.
You are covered in fur. (AC +1)
You have a slow metabolism.
Your sharp claws are effective at attacking unaware monsters.


Message History

d - a scroll labeled ISYOWKA FUOX You swap places.
b - 4 rations (gained 1)
You swap places.
You see here a mace.
An ooze comes into view.
Your quokka disappears in a puff of smoke!
The helpless ooze fails to defend itself.
You claw the ooze!
The ooze is severely wounded.
The ooze hits you.
Casting: Summon Small Mammal (safe; 3% risk of failure)
Confirm with . or Enter, or press ? or * to list all spells.
The ooze barely misses you.
You can't grasp things well enough to throw them.
You scratch the ooze but do no damage.
The ooze is heavily wounded.
The ooze hits you.
Ouch! That really hurt!
You die...

.....##.#######....#.#.##########
....r......................>.....
####..#.#.##.#..####.######.#####
..............)....#...# #.####
#####..####.#..###)###.# #..§.##
#...............§#.###.# #......
#.####.####.##.#§#.....# #....).
#....)......##.#.####### #......
#####.......##.#@# #......
#.....####.#Jr..# #...... #.....#
...###.# #...... #.....# ... #
#...... #.....# ....# #......
#.....# ##..# ####### #####.#
#... ### .. #.# #.. ... #.#


You could see an ooze and a friendly quokka.

Vanquished Creatures
  A hobgoblin (D:1)
  2 bats (D:1)
  A kobold (D:1)
4 creatures vanquished.

Vanquished Creatures (collateral kills)
  A bat (D:1)
  A rat (D:1)
2 creatures vanquished.

Grand Total: 6 creatures vanquished

Notes
Turn   | Place    | Note
-------+----------+-------------------------------------------
     0 | D:1      | FishyPogo the Felid Summoner began the quest for the Orb.
     0 | D:1      | Reached XP level 1. HP: 7/7 MP: 4/4
   167 | D:1      | Slain by an ooze

Levels and vault maps discovered:
D:1:      minmay_arrival_stair_chambers, layout_basic

Action                   || total
-------------------------++-------
Melee: Unarmed           ||    12
 Cast: Summon Small Mamm ||     6
 Stab: Sleeping          ||     4
  Eat: Chunk             ||     2
Armor: Skin              ||     1
Dodge: Dodged            ||    15
